[Event "Titled Tuesday Blitz October 25 Late 2022"]
[White "Mendez Fortes, Eduardo Jesus"]
[Black "Chigaev, Maksim"]
[WhiteFideId "3502376"]
[BlackFideId "4108116"]
[WhiteElo "2307"]
[BlackElo "2537"]
[Result "0-1"]
[Round "01"]
[TimeControl "180+1"]
[Date "2022.10.26"]
[WhiteClock "0:00:09"]
[BlackClock "0:00:55"]

1. e4 c5 2. Nf3 e6 3. d4 cxd4 4. Nxd4 Nf6 5. Nc3 Nc6 6. Ndb5 Bb4 7. a3 Bxc3+ 8. Nxc3 d5 9. exd5 exd5 10. Bd3 O-O 11. O-O d4 12. Ne2 Bg4 13. f3 Bh5 14. Nf4 Bg6 15. Nxg6 hxg6 16. f4 Re8 17. Qf3 Qd5 18. Qh3 Qh5 19. Qxh5 gxh5 20. Bd2 Ne4 21. Be1 Rad8 22. Bh4 Rc8 23. Rfe1 Nc5 24. Bf5 Ra8 25. b4 Ne6 26. g3 a6 27. Re2 g6 28. Bd3 Nc7 29. Rae1 Rxe2 30. Rxe2 Re8 31. Rxe8+ Nxe8 32. h3 Nd6 33. g4 hxg4 34. hxg4 f5 35. Bf2 Kf7 36. Kg2 Ke6 37. Kf3 Kd5 38. Bh4 b5 39. Bf6 Ke6 40. Bg7 Nc4 41. gxf5+ gxf5 42. Kg3 Nxa3 43. Kh4 Nxb4 44. Be2 Naxc2 45. Kg5 d3 46. Bh5 Ne3 47. Bc3 Nbd5 48. Bd2 Nc4 49. Bc3 Nxc3 0-1


[Site "https://www.chess.com"]

[Event "Titled Tuesday Blitz October 25 Late 2022"]
[White "Mihajlov, Sebastian"]
[Black "Ali Abdullahi, Farah"]
[WhiteFideId "1512110"]
[BlackFideId "16100212"]
[WhiteElo "2464"]
[BlackElo "2225"]
[Result "1-0"]
[Round "01"]
[TimeControl "180+1"]
[Date "2022.10.26"]
[WhiteClock "0:00:33"]
[BlackClock "0:00:06"]

1. f4 b6 2. e4 Bb7 3. Nc3 e6 4. g3 c5 5. Bg2 g6 6. d4 Bg7 7. Be3 Ne7 8. dxc5 O-O 9. Qd2 Nbc6 10. O-O-O Rc8 11. Qxd7 Bxc3 12. bxc3 bxc5 13. Qxb7 Qa5 14. Qb3 Rb8 15. Qc4 Qa3+ 16. Kd2 Na5 17. Qxc5 Qxa2 18. Qxe7 Rfd8+ 19. Bd4 Nb3+ 20. Ke3 Qxc2 21. Ne2 Rbc8 22. Qf6 Nxd4 23. cxd4 Rb8 24. Rd3 Rdc8 25. Rc1 Qb2 26. Rxc8+ Rxc8 27. h4 Rc2 28. Bf3 Qb1 29. h5 Qe1 30. h6 Rxe2+ 31. Bxe2 Qxg3+ 32. Kd2 Qxf4+ 33. Qxf4 1-0


[Site "https://www.chess.com"]

[Event "Titled Tuesday Blitz October 25 Late 2022"]
[White "Mikhalsky, Vladimir"]
[Black "Stoyanov, Tsvetan"]
[WhiteFideId "14144352"]
[BlackFideId "2917173"]
[WhiteElo "2271"]
[BlackElo "2349"]
[Result "0-1"]
[Round "01"]
[TimeControl "180+1"]
[Date "2022.10.26"]
[WhiteClock "0:00:16"]
[BlackClock "0:00:14"]

1. d4 d5 2. c4 e6 3. Nf3 Nf6 4. g3 Be7 5. Bg2 O-O 6. O-O c6 7. Nc3 Nbd7 8. a4 dxc4 9. Nd2 a5 10. Nxc4 Nd5 11. e4 Nb4 12. d5 cxd5 13. exd5 Nb6 14. Nxb6 Qxb6 15. Be3 Bc5 16. Bxc5 Qxc5 17. Ne4 Qb6 18. d6 Bd7 19. Rc1 Bc6 20. Nc3 Rfd8 21. Bxc6 bxc6 22. Ne4 Ra7 23. Nc5 Nd5 24. d7 Nf6 25. Qf3 Nxd7 26. Nxd7 Raxd7 27. Qxc6 Qb4 28. Qxd7 Rxd7 29. Rc8+ Qf8 30. Rxf8+ Kxf8 31. Rc1 Rb7 32. Rc5 Rxb2 33. Rxa5 Ke7 34. Ra7+ Kf6 35. Kg2 Rb3 36. h4 h5 37. a5 Ra3 38. Ra8 Kf5 39. a6 f6 40. Rg8 g6 41. Ra8 e5 42. Ra7 Ra4 43. Ra8 Ra2 44. Kf3 e4+ 45. Ke3 Ra3+ 46. Ke2 g5 47. hxg5 fxg5 48. a7 Kg4 49. Re8 Rxa7 50. Rxe4+ Kh3 51. Re5 Ra2+ 52. Kf3 g4+ 53. Ke3 Kg2 54. Rxh5 Rxf2 55. Rh2+ Kxh2 56. Kxf2 Kh3 57. Kf1 Kxg3 58. Kg1 Kf3 59. Kf1 g3 60. Kg1 g2 61. Kh2 Kf2 62. Kh3 g1=Q 0-1


[Site "https://www.chess.com"]

[Event "Titled Tuesday Blitz October 25 Late 2022"]
[White "Milosevic, Milos"]
[Black "Babazada, Khazar"]
[WhiteFideId "964875"]
[BlackFideId "13413554"]
[WhiteElo "2321"]
[BlackElo "2367"]
[Result "1/2-1/2"]
[Round "01"]
[TimeControl "180+1"]
[Date "2022.10.26"]
[WhiteClock "0:00:09"]
[BlackClock "0:00:07"]

1. e4 Nf6 2. e5 Nd5 3. d4 d6 4. Nf3 Nb6 5. Be2 g6 6. O-O Bg7 7. Bd3 O-O 8. h3 Nc6 9. Re1 dxe5 10. dxe5 Be6 11. Nbd2 Qd5 12. Qe2 Rfd8 13. Be4 Qc5 14. Nb3 Bxb3 15. axb3 Nd5 16. c3 a6 17. b4 Qa7 18. e6 f5 19. Bxd5 Rxd5 20. Be3 Qb8 21. Qc4 Qd8 22. Ng5 Ne5 23. Qb3 c6 24. f4 Nd3 25. Red1 h6 26. Nf7 Qc8 27. c4 Qxe6 28. Nxh6+ Bxh6 29. Rxd3 Rxd3 30. Qxd3 Bg7 31. Re1 Qd6 32. Qb3 Rd8 33. Kh1 Qd3 34. Qxd3 Rxd3 35. Bc5 Rd7 36. Rxe7 Rxe7 37. Bxe7 Bxb2 38. g4 Kf7 39. Bd6 Ba3 40. gxf5 gxf5 41. Kg2 a5 42. Kf3 Bxb4 43. Be5 a4 44. h4 Kg6 45. Ke3 Kh5 46. Bf6 Bd6 47. Be5 Be7 48. Kd4 b5 49. cxb5 cxb5 50. Kd5 Kxh4 51. Ke6 Bf8 52. Kxf5 b4 53. Ke4 Kg4 54. Kd3 b3 55. Kc3 Kf3 56. Kb2 Ke4 57. Kc3 Kd5 58. Kb2 Kc4 59. f5 a3+ 60. Kb1 Kd5 61. Bh8 Ke4 62. f6 Kd3 63. Bg7 a2+ 64. Kb2 a1=Q+ 65. Kxa1 Bxg7 66. fxg7 Kc2 67. g8=Q b2+ 68. Ka2 b1=Q+ 69. Ka3 Qa1+ 70. Qa2+ Qxa2+ 71. Kxa2 1/2-1/2


[Site "https://www.chess.com"]

[Event "Titled Tuesday Blitz October 25 Late 2022"]
[White "Miszler, Levente"]
[Black "Sjugirov, Sanan"]
[WhiteFideId "763276"]
[BlackFideId "4189302"]
[WhiteElo "2176"]
[BlackElo "2609"]
[Result "0-1"]
[Round "01"]
[TimeControl "180+1"]
[Date "2022.10.26"]
[WhiteClock "0:00:01"]
[BlackClock "0:00:09"]

1. Nf3 Nf6 2. c4 e6 3. g3 d5 4. Bg2 dxc4 5. O-O a6 6. a4 Nc6 7. Qc2 Na5 8. Na3 Qd5 9. Rd1 Nb3 10. Rb1 Bxa3 11. bxa3 Bd7 12. d3 Bxa4 13. dxc4 Qe4 14. Qb2 Nc5 15. Ne5 Qc2 16. Rd2 Qxb2 17. Rdxb2 Rd8 18. Be3 b6 19. Bxc5 bxc5 20. Bc6+ Bxc6 21. Nxc6 Rc8 22. Rd1 Ne4 23. Rb7 Nd6 24. Ra7 f6 25. Rxa6 Kd7 26. Na7 Ra8 27. a4 Rhb8 28. Ra5 Rb7 29. Nc6 Rxa5 30. Nxa5 Rb4 31. Ra1 Rb6 32. e3 Kc8 33. Kf1 Kb8 34. Ra3 Ka7 35. Ke2 Rb2+ 36. Kf3 Kb6 37. Rb3+ Rxb3 38. Nxb3 Nxc4 39. Ke4 Kc6 40. Kd3 Nb2+ 41. Kc3 Nxa4+ 42. Kc4 Nb6+ 43. Kd3 Kb5 44. Nd2 c4+ 45. Kc3 Na4+ 46. Kd4 c5+ 47. Ke4 c3 48. Nb3 Kc4 0-1


[Site "https://www.chess.com"]

[Event "Titled Tuesday Blitz October 25 Late 2022"]
[White "Mitrovic, Darko R"]
[Black "Borisova, Ekaterina"]
[WhiteFideId "927023"]
[BlackFideId "34124184"]
[WhiteElo "2150"]
[BlackElo "2134"]
[Result "0-1"]
[Round "01"]
[TimeControl "180+1"]
[Date "2022.10.26"]
[WhiteClock "0:00:51"]
[BlackClock "0:01:52"]

1. d4 Nf6 2. c4 e6 3. Nf3 d5 4. g3 dxc4 5. Bg2 c5 6. O-O Nc6 7. Qa4 Bd7 8. Qxc4 b5 9. Qxb5 Nxd4 10. Nxd4 Bxb5 11. Nxb5 Rb8 12. Nxa7 Qb6 13. Nc6 Rc8 14. a4 Rxc6 15. a5 Qa6 16. Bxc6+ Qxc6 17. a6 Bd6 18. Nc3 O-O 19. Bg5 Ra8 20. Bxf6 gxf6 0-1


[Site "https://www.chess.com"]

[Event "Titled Tuesday Blitz October 25 Late 2022"]
[White "Moaataz, Ayah"]
[Black "Atakishiyev, Elmar"]
[WhiteFideId "10615873"]
[BlackFideId "13410547"]
[WhiteElo "1993"]
[BlackElo "2203"]
[Result "0-1"]
[Round "01"]
[TimeControl "180+1"]
[Date "2022.10.26"]
[WhiteClock "0:00:05"]
[BlackClock "0:00:17"]

1. c4 Nf6 2. g3 g6 3. Bg2 Bg7 4. Nf3 O-O 5. O-O d6 6. d4 c6 7. Nc3 Nbd7 8. b3 Re8 9. e4 e5 10. d5 Nc5 11. Qc2 a5 12. h3 Bd7 13. Ba3 Qc7 14. Rad1 h6 15. Rd2 Rad8 16. Rfd1 Bc8 17. b4 axb4 18. Bxb4 Na6 19. Qb2 Nxb4 20. Qxb4 c5 21. Qb1 Bd7 22. Rb2 Qa5 23. Rc1 Qa6 24. Rb6 Qxc4 25. Bf1 Qd4 26. Nxd4 exd4 27. Nb5 Nxe4 28. Nc7 Re5 29. f4 Re7 30. Re1 Nc3 31. Qc1 Ne4 32. Rxb7 Bc8 33. Ra7 f5 34. Nb5 Ree8 35. g4 Bf6 36. Bg2 Bh4 37. Rd1 Bf2+ 38. Kh1 Be3 39. Qc2 Nf2+ 40. Kh2 Bxf4+ 41. Kg1 Nxd1 42. Qxd1 Re3 43. Ra8 Rde8 44. Bf1 Rg3+ 45. Kf2 fxg4 46. Qa4 Rf8 47. Ke1 Re3+ 48. Kd1 gxh3 49. Bxh3 Rxh3 50. Qa5 Rh2 51. Qc7 Bg4+ 52. Ke1 Bg3# 0-1


[Site "https://www.chess.com"]

[Event "Titled Tuesday Blitz October 25 Late 2022"]
[White "Moreno Perez, Tobias Sebastian"]
[Black "Predke, Alexandr"]
[WhiteFideId "186716"]
[BlackFideId "24107581"]
[WhiteElo "2459"]
[BlackElo "2614"]
[Result "0-1"]
[Round "01"]
[TimeControl "180+1"]
[Date "2022.10.26"]
[WhiteClock "0:00:02"]
[BlackClock "0:00:08"]

1. d4 Nf6 2. Nf3 d5 3. c4 e6 4. g3 Be7 5. Bg2 O-O 6. O-O c6 7. Nbd2 a5 8. Qc2 Na6 9. a3 c5 10. cxd5 exd5 11. dxc5 Nxc5 12. Nb3 Nce4 13. Nbd4 Bd7 14. Bf4 Rc8 15. Qb3 b5 16. Rfc1 a4 17. Qd1 Qb6 18. Ne5 Be6 19. Nxe6 fxe6 20. Be3 Qb7 21. Rxc8 Rxc8 22. Rc1 Bd6 23. Nd3 Rc4 24. f3 Nxg3 25. hxg3 Bxg3 26. Bf2 Bxf2+ 27. Nxf2 Qb6 28. Rxc4 bxc4 29. Qc2 Kf7 30. Kf1 Nh5 31. Ke1 Nf4 32. Bf1 Ng6 33. Ng4 h5 34. Nf2 Qd4 35. Bh3 Nf4 36. Qd2 Qe5 37. Bf1 Ng6 38. Qc3 Qg3 39. Qa5 Nf4 40. Qa7+ Kf6 41. Qe3 h4 42. Qd4+ Kf7 43. e3 Ng6 44. Qg4 Qe5 45. e4 Qxb2 46. exd5 Qc3+ 47. Ke2 exd5 48. Qf5+ Qf6 49. Qxf6+ Kxf6 50. Ng4+ Kf5 51. Ne3+ Ke5 52. Bh3 Kd4 53. Bf5 Nf4+ 54. Kd2 c3+ 55. Kc2 Kxe3 56. Kxc3 d4+ 57. Kc2 d3+ 58. Kd1 h3 0-1


[Site "https://www.chess.com"]

[Event "Titled Tuesday Blitz October 25 Late 2022"]
[White "Msellek, Ilyass"]
[Black "Yano, William Jorge Froes"]
[WhiteFideId "675938"]
[BlackFideId "2112949"]
[WhiteElo "2303"]
[BlackElo "2122"]
[Result "1-0"]
[Round "01"]
[TimeControl "180+1"]
[Date "2022.10.26"]
[WhiteClock "0:01:51"]
[BlackClock "0:01:07"]

1. d4 Nf6 2. Bf4 c5 3. Bxb8 Rxb8 4. dxc5 Qa5+ 5. c3 Qxc5 6. Nf3 g6 7. e3 Bg7 8. Nbd2 O-O 9. Be2 d5 10. O-O b5 11. Nb3 Qc7 12. Nbd4 b4 13. cxb4 Rxb4 14. Rc1 Qb6 15. Nc6 Rxb2 16. Nxe7+ Kh8 17. Rxc8 Rxc8 18. Nxc8 Qc7 19. Ba6 Rxa2 20. Qd3 Qc6 21. Ne7 Qxa6 22. Ne5 Qxd3 23. Nxf7# 1-0


[Site "https://www.chess.com"]

[Event "Titled Tuesday Blitz October 25 Late 2022"]
[White "Muhammad, Shahzeb"]
[Black "Korchmar, Vasiliy"]
[WhiteFideId "7804806"]
[BlackFideId "24131750"]
[WhiteElo "2400"]
[BlackElo "2370"]
[Result "0-1"]
[Round "01"]
[TimeControl "180+1"]
[Date "2022.10.26"]
[WhiteClock "0:00:01"]
[BlackClock "0:00:18"]

1. e4 c5 2. Nc3 d6 3. f4 Nc6 4. Nf3 e6 5. Bb5 Bd7 6. O-O a6 7. Bxc6 Bxc6 8. a4 Nf6 9. Qe1 Be7 10. d3 O-O 11. a5 b5 12. axb6 Qxb6 13. b3 Nd7 14. Kh1 Bf6 15. Na4 Qb7 16. Bb2 Bxb2 17. Nxb2 d5 18. e5 f6 19. exf6 Rxf6 20. Ng5 Re8 21. f5 e5 22. Ne6 d4 23. Qg3 Rexe6 24. fxe6 Rg6 25. exd7 Qxd7 26. Qf2 Bxg2+ 27. Qxg2 Rxg2 28. Kxg2 Qg4+ 29. Kf2 Qf4+ 30. Ke2 Qxh2+ 31. Rf2 Qh5+ 32. Kd2 Qg5+ 33. Ke2 Qe3+ 34. Kf1 h5 35. Nc4 Qh3+ 36. Ke2 Qg4+ 37. Kd2 Qg5+ 38. Ke2 Qg4+ 39. Kd2 e4 40. dxe4 Qxe4 41. Re1 Qg4 42. Ne5 Qg3 43. Ree2 h4 44. Rg2 Qc3+ 45. Kd1 Qa1+ 46. Kd2 Qc3+ 47. Kc1 h3 48. Rh2 a5 49. Nd3 a4 50. bxa4 c4 51. Nf4 d3 52. Ref2 Qe1+ 53. Kb2 c3+ 0-1


[Site "https://www.chess.com"]

[Event "Titled Tuesday Blitz October 25 Late 2022"]
[White "Ohanyan, Emin"]
[Black "Aguilar, Juan"]
[WhiteFideId "13312022"]
[BlackFideId "3800091"]
[WhiteElo "2302"]
[BlackElo "2434"]
[Result "1-0"]
[Round "01"]
[TimeControl "180+1"]
[Date "2022.10.26"]
[WhiteClock "0:01:17"]
[BlackClock "0:00:27"]

1. e4 c5 2. Nf3 d6 3. d4 cxd4 4. Nxd4 Nf6 5. Nc3 a6 6. Bc4 e6 7. Bb3 b5 8. f4 Bb7 9. f5 e5 10. Nde2 Qb6 11. Ng3 Nbd7 12. Qf3 Rc8 13. Be3 Qa5 14. O-O b4 15. Nd5 Bxd5 16. exd5 Be7 17. Ne4 O-O 18. g4 Nxe4 19. Qxe4 Nc5 20. Qg2 Bd8 21. g5 Bb6 22. Kh1 Nd7 23. Bxb6 Qxb6 24. f6 g6 25. Qh3 Qc6 1-0


[Site "https://www.chess.com"]

[Event "Titled Tuesday Blitz October 25 Late 2022"]
[White "Osiecki, Stanislaw"]
[Black "Gogolev, Artem"]
[WhiteFideId "1102990"]
[BlackFideId "4116615"]
[WhiteElo "2088"]
[BlackElo "2178"]
[Result "0-1"]
[Round "01"]
[TimeControl "180+1"]
[Date "2022.10.26"]
[WhiteClock "0:00:02"]
[BlackClock "0:00:36"]

1. e4 c6 2. d4 d5 3. e5 Bf5 4. Bd3 Bxd3 5. Qxd3 e6 6. c3 c5 7. Ne2 Nc6 8. O-O Qc7 9. a3 c4 10. Qh3 Nge7 11. f4 Na5 12. Nd2 O-O-O 13. Ng3 g6 14. Nf3 Nb3 15. Rb1 Nf5 16. Nxf5 gxf5 17. Kh1 Be7 18. Be3 Rdg8 19. Rf2 Rg6 20. Nd2 h5 21. Qf3 Kb8 22. Nxb3 cxb3 23. Qe2 h4 24. Rg1 Qc6 25. Rf3 Rg4 26. Bf2 Bf8 27. h3 Rg6 28. Qe1 Be7 29. Qe2 a6 30. Be3 Rhg8 31. Bf2 Kc7 32. Qe1 Rh8 33. Qe2 Qc4 34. Qxc4+ dxc4 35. Re3 Kc6 36. Kh2 Kd5 37. Re2 Bf8 38. Be3 Rg3 39. Bd2 Bh6 40. Be1 Rd3 41. Rf1 Rd1 42. Kg1 Bf8 43. Bf2 Rxf1+ 44. Kxf1 Be7 45. Kg1 Rg8 46. Kh2 b5 47. Kg1 a5 48. Kh2 b4 49. axb4 axb4 50. cxb4 Rb8 51. Be1 Bxb4 52. Bf2 c3 53. bxc3 Bxc3 54. Bxh4 b2 0-1


[Site "https://www.chess.com"]

[Event "Titled Tuesday Blitz October 25 Late 2022"]
[White "Ozates, Tuna"]
[Black "Bortnyk, Olexandr"]
[WhiteFideId "6354521"]
[BlackFideId "14120828"]
[WhiteElo "2151"]
[BlackElo "2723"]
[Result "0-1"]
[Round "01"]
[TimeControl "180+1"]
[Date "2022.10.26"]
[WhiteClock "0:01:22"]
[BlackClock "0:02:21"]

1. e4 Nf6 2. e5 Nd5 3. d4 d6 4. Nf3 dxe5 5. Nxe5 c6 6. Bd3 Nd7 7. Nf3 N7f6 8. O-O Nb4 9. Be2 Bf5 10. Na3 e6 11. c3 Nbd5 12. Nc4 Be7 13. Nce5 O-O 14. h3 c5 15. Bg5 h6 16. Bh4 Rc8 17. Bg3 Ne4 18. Bh2 cxd4 19. Nxd4 Ndxc3 20. Nxf5 Nxd1 21. Raxd1 exf5 22. Rxd8 Bxd8 23. Nd7 Re8 24. Bb5 a6 25. Ba4 b5 26. Bb3 Nd2 27. Rd1 Nxb3 28. axb3 Ba5 29. Bf4 Re1+ 30. Rxe1 Bxe1 31. Kf1 Ba5 32. Nb8 Bc7 33. Bxc7 Rxc7 34. Nxa6 Rc1+ 35. Ke2 Rc2+ 36. Ke3 Rxb2 37. Nc5 g5 38. g3 Kg7 39. f4 g4 40. hxg4 fxg4 41. f5 Kf6 42. Kf4 Rf2+ 43. Kxg4 Rxf5 44. Nd7+ Ke6 45. Nf8+ Ke5 46. Nd7+ Ke4 47. b4 Rg5+ 48. Kh4 Kf3 0-1


[Site "https://www.chess.com"]

[Event "Titled Tuesday Blitz October 25 Late 2022"]
[White "Pakleza, Zbigniew"]
[Black "Omariev, Maksim"]
[WhiteFideId "1119290"]
[BlackFideId "4193423"]
[WhiteElo "2411"]
[BlackElo "2417"]
[Result "0-1"]
[Round "01"]
[TimeControl "180+1"]
[Date "2022.10.26"]
[WhiteClock "0:00:01"]
[BlackClock "0:00:03"]

1. d4 d5 2. Bf4 Nf6 3. e3 c5 4. c3 Qb6 5. Qb3 Nc6 6. Nd2 c4 7. Qc2 g6 8. e4 Nxe4 9. Nxe4 dxe4 10. Bxc4 Bf5 11. Qb3 Qxb3 12. axb3 Bg7 13. Ne2 e5 14. dxe5 Bxe5 15. Bb5 Bxf4 16. Nxf4 Ke7 17. Nd5+ Kd6 18. O-O-O Kc5 19. Ba4 Rad8 20. b4+ Kd6 21. h3 Ne5 22. Nf4+ Ke7 23. g4 Be6 24. Bc2 f5 25. gxf5 gxf5 26. Rhg1 Bc4 27. Rg7+ Bf7 28. Rdg1 Kf6 29. R7g3 Nf3 30. Rd1 Rxd1+ 31. Bxd1 Ne5 32. Be2 Rd8 33. Kc2 b6 34. Ng2 Ng6 35. Ne3 f4 36. Ng4+ Kg5 37. Rg1 Kh4 38. Nf6 Ne5 39. Nxe4 f3 40. Bf1 Bg6 41. Bd3 Nxd3 42. Rg4+ Kxh3 43. Rg3+ Kh2 44. Ng5 Nxf2+ 45. Kb3 Kxg3 0-1


[Site "https://www.chess.com"]

[Event "Titled Tuesday Blitz October 25 Late 2022"]
[White "Papp, Levente"]
[Black "Pinero Rodriguez, Carlos Jose"]
[WhiteFideId "751243"]
[BlackFideId "3901726"]
[WhiteElo "2380"]
[BlackElo "2146"]
[Result "1/2-1/2"]
[Round "01"]
[TimeControl "180+1"]
[Date "2022.10.26"]
[WhiteClock "0:00:03"]
[BlackClock "0:00:05"]

1. Nc3 d5 2. d4 c6 3. Bf4 Nf6 4. Qd2 Bf5 5. f3 e6 6. g4 Bg6 7. h4 h5 8. g5 Nfd7 9. e4 Be7 10. Bd3 dxe4 11. fxe4 O-O 12. Nf3 Qa5 13. Ne2 Qxd2+ 14. Bxd2 c5 15. Nf4 Nc6 16. c3 cxd4 17. cxd4 e5 18. Nxg6 fxg6 19. Ke2 Nxd4+ 20. Nxd4 exd4 21. Rac1 Ne5 22. Rhf1 Rxf1 23. Rxf1 Rf8 24. Rxf8+ Kxf8 25. Bf4 Bd6 26. Bc2 Ke7 27. a3 b6 28. b4 Nc4 29. Kf3 Nxa3 30. Bd3 Bxb4 31. Be5 Bc5 32. Bxg7 Kf7 33. Bf6 b5 34. e5 Nc4 35. Ke4 a6 36. Kd5 Be7 37. e6+ Kf8 38. Bxg6 Ne3+ 39. Ke4 Ng2 40. Bxh5 Nxh4 41. Kxd4 b4 42. Kc4 a5 43. Kb3 Nf5 44. Bg4 Ne3 45. Bf3 Nf5 46. Ka4 Ng7 47. Bd5 Nh5 48. Bxe7+ Kxe7 49. Kxa5 Nf4 50. Bb3 Nxe6 51. g6 Ng7 52. Kxb4 Kf6 53. Bf7 Ne6 54. Kc4 Nf8 55. Kd5 Nxg6 1/2-1/2


[Site "https://www.chess.com"]

[Event "Titled Tuesday Blitz October 25 Late 2022"]
[White "Paravyan, David"]
[Black "Senthilkumar, Pranav"]
[WhiteFideId "4194985"]
[BlackFideId "2083477"]
[WhiteElo "3108"]
[BlackElo "2522"]
[Result "1-0"]
[Round "01"]
[TimeControl "180+1"]
[Date "2022.10.26"]
[WhiteClock "0:02:54"]
[BlackClock "0:02:42"]

1. e4 c5 2. Nf3 e6 3. d4 cxd4 4. Nxd4 Nc6 5. Nc3 Qc7 6. Nxc6 bxc6 7. Bd3 d5 8. O-O Nf6 9. exd5 cxd5 10. Nb5 Qb8 11. Qf3 Bd6 12. Nxd6+ Qxd6 13. Bf4 e5 14. Bxe5 Qxe5 15. Rfe1 Ne4 16. Bxe4 O-O 17. Bxh7+ 1-0


[Site "https://www.chess.com"]

[Event "Titled Tuesday Blitz October 25 Late 2022"]
[White "Petrova, Irina"]
[Black "Javakhadze, Zurab"]
[WhiteFideId "14124122"]
[BlackFideId "13603647"]
[WhiteElo "2023"]
[BlackElo "2381"]
[Result "1/2-1/2"]
[Round "01"]
[TimeControl "180+1"]
[Date "2022.10.26"]
[WhiteClock "0:00:17"]
[BlackClock "0:00:29"]

1. e4 e5 2. Nf3 Nc6 3. Bb5 a6 4. Ba4 Nf6 5. d3 d6 6. c3 g6 7. O-O Bg7 8. Nbd2 O-O 9. Re1 b5 10. Bc2 Bb7 11. d4 Re8 12. d5 Ne7 13. a4 c6 14. dxc6 Nxc6 15. axb5 axb5 16. Rxa8 Bxa8 17. Qe2 Qb8 18. Nf1 d5 19. exd5 Nxd5 20. Ng3 Na5 21. Ne4 Nc4 22. Rd1 Nf4 23. Qf1 h6 24. b3 Na5 25. Nd6 Bxf3 26. gxf3 Rd8 27. Qxb5 Qc7 28. Bxf4 exf4 29. Ne4 Rb8 30. Qd5 Bxc3 31. Nxc3 Qxc3 32. Bxg6 Qxb3 33. Bxf7+ Kg7 34. Qxb3 Nxb3 35. Bxb3 Rxb3 36. Kg2 Kf6 37. Rd6+ Kg5 38. Rd5+ Kg6 39. Rd6+ Kg5 40. Rd5+ Kg6 41. Rd6+ Kg5 1/2-1/2


[Site "https://www.chess.com"]

[Event "Titled Tuesday Blitz October 25 Late 2022"]
[White "Petrovic, Aleksa"]
[Black "Kamsky, Gata"]
[WhiteFideId "967629"]
[BlackFideId "2000024"]
[WhiteElo "2242"]
[BlackElo "2666"]
[Result "0-1"]
[Round "01"]
[TimeControl "180+1"]
[Date "2022.10.26"]
[WhiteClock "0:00:01"]
[BlackClock "0:00:19"]

1. d4 g6 2. c4 Bg7 3. e4 d6 4. Nc3 Nf6 5. Be2 e5 6. Nf3 O-O 7. O-O c6 8. Re1 Qe7 9. Bf1 Bg4 10. d5 c5 11. h3 Bd7 12. Bg5 h6 13. Be3 Na6 14. Qd2 Kh7 15. g4 h5 16. g5 Ne8 17. Bg2 f5 18. exf5 gxf5 19. Nh4 Bh8 20. f4 Ng7 21. Ne2 Rae8 22. Ng3 Qd8 23. Bf3 b5 24. Nxh5 bxc4 25. Nf6+ Rxf6 26. gxf6 Qxf6 27. Bf2 Nb4 28. Kh2 e4 29. Be2 e3 30. Bxe3 Qxh4 31. Bxc4 Nh5 32. Rg1 Nc2 33. Qg2 Qg3+ 34. Qxg3 Nxg3 35. Kxg3 Nxa1 36. Bd2 Rg8+ 37. Kh2 Rxg1 38. Kxg1 Bxb2 39. Ba5 Bf6 40. Bc7 Be7 41. Bb8 a5 42. Bc7 a4 43. Bd3 Kg6 44. Ba5 c4 45. Bxc4 Nc2 46. Kf2 Bf6 47. Ke2 Nd4+ 48. Kd3 Nf3 49. Bc3 Ng1 50. Bxf6 Kxf6 51. h4 a3 52. Kc3 Nf3 53. Kb4 Nxh4 54. Kxa3 Ng2 55. Kb4 Nxf4 56. a4 Ke5 57. a5 Nxd5+ 58. Ka3 Nc7 59. a6 Bc6 60. a7 f4 61. Kb4 Kd4 62. Bf1 Nd5+ 63. Ka5 Kc5 64. Bb5 Ba8 65. Bd7 Ne7 66. Bg4 f3 67. Bh3 f2 68. Bf1 Bb7 69. Ka4 Nc6 70. Kb3 Nxa7 71. Kc3 Bf3 72. Kd2 Kd4 73. Ba6 Nc6 74. Bf1 Ne5 75. Ba6 d5 76. Bf1 Nc4+ 77. Kc1 Ne3 78. Ba6 Kc3 0-1


[Site "https://www.chess.com"]

[Event "Titled Tuesday Blitz October 25 Late 2022"]
[White "Piesik, Piotr"]
[Black "Ardila, Oscar Humberto"]
[WhiteFideId "1136194"]
[BlackFideId "4404742"]
[WhiteElo "2323"]
[BlackElo "1898"]
[Result "1/2-1/2"]
[Round "01"]
[TimeControl "180+1"]
[Date "2022.10.26"]
[WhiteClock "0:00:35"]
[BlackClock "0:00:20"]

1. Nf3 Nf6 2. g3 g6 3. Bg2 Bg7 4. O-O O-O 5. d4 d6 6. Nbd2 Nbd7 7. e4 c6 8. Qe2 e5 9. dxe5 dxe5 10. a4 Qc7 11. b3 Re8 12. Bb2 Nc5 13. Rfd1 Bg4 14. h3 Bxf3 15. Bxf3 Ne6 16. c3 Rad8 17. Nc4 Nc5 18. Qc2 h5 19. b4 Ne6 20. h4 Ng4 21. Bxg4 hxg4 22. Ne3 Qc8 23. Qe2 Rxd1+ 24. Rxd1 Rd8 25. Qxg4 Rxd1+ 26. Qxd1 Kh7 27. h5 Ng5 28. hxg6+ fxg6 29. Qd3 Qh3 30. Nf1 Qg4 31. Nd2 Qd1+ 32. Kg2 Qxa4 33. Nf1 c5 34. Bc1 Ne6 35. Qd5 Qc6 36. Be3 cxb4 37. Qxc6 bxc6 38. cxb4 Nd4 39. f4 Nc2 40. Bd2 exf4 41. gxf4 Bf8 42. Kf3 Bxb4 43. Ke2 Bxd2 44. Kxd2 Nd4 45. Kd3 Ne6 46. Ke3 Kg7 47. Nd2 Kf6 48. Nc4 c5 49. Nd6 a5 50. e5+ Ke7 51. Nc4 a4 52. Ke4 Kd7 53. Nb6+ Kc6 54. Nxa4 Kb5 55. Nc3+ Kc4 56. Nd5 Kb3 57. Ne7 c4 58. Nd5 c3 59. Nxc3 Kxc3 60. f5 gxf5+ 61. Kxf5 Nd4+ 62. Kf6 Kc4 63. e6 Nxe6 1/2-1/2


[Site "https://www.chess.com"]

[Event "Titled Tuesday Blitz October 25 Late 2022"]
[White "Polster, Christian"]
[Black "TheKnightBefore"]
[WhiteFideId "12965081"]
[WhiteElo "2209"]
[BlackElo "2604"]
[Result "0-1"]
[Round "01"]
[TimeControl "180+1"]
[Date "2022.10.26"]
[WhiteClock "0:00:03"]
[BlackClock "0:01:35"]

1. e4 e5 2. Nf3 Nc6 3. Bc4 Bc5 4. c3 Nf6 5. d4 exd4 6. cxd4 Bb4+ 7. Nc3 Nxe4 8. O-O Bxc3 9. d5 Ne5 10. bxc3 Nxc4 11. Qd4 O-O 12. Qxc4 Nf6 13. Bg5 d6 14. Rfe1 Bd7 15. Rab1 b5 16. Qh4 h6 17. Bxf6 Qxf6 18. Qxf6 gxf6 19. Nd4 Rfe8 20. Re3 a6 21. Rg3+ Kh7 22. Rf3 Re5 23. Rd1 Bg4 24. Rxf6 Bxd1 0-1


[Site "https://www.chess.com"]

[Event "Titled Tuesday Blitz October 25 Late 2022"]
[White "Potapova, Margarita"]
[Black "Kaplan, Ebru"]
[WhiteFideId "14126869"]
[BlackFideId "6315194"]
[WhiteElo "2150"]
[BlackElo "1941"]
[Result "1-0"]
[Round "01"]
[TimeControl "180+1"]
[Date "2022.10.26"]
[WhiteClock "0:01:39"]
[BlackClock "0:00:37"]

1. d4 d5 2. c4 c6 3. Nf3 Nf6 4. e3 Bf5 5. Bd3 e6 6. Bxf5 exf5 7. O-O Bd6 8. Qc2 g6 9. cxd5 Nxd5 10. Nc3 O-O 11. Nxd5 cxd5 12. Qb3 Nc6 13. Qxb7 Na5 14. Qb5 Rb8 15. Qe2 Re8 16. b3 f4 17. Bd2 Nc6 18. Rac1 Qd7 19. Qd3 fxe3 20. fxe3 f5 21. Rc2 Nb4 22. Bxb4 Bxb4 23. Rfc1 Bd6 24. Rc6 Re7 25. Qa6 Bb4 26. Ne5 Rxe5 27. dxe5 d4 28. Qc4+ Kh8 29. Rc8+ 1-0


[Site "https://www.chess.com"]

[Event "Titled Tuesday Blitz October 25 Late 2022"]
[White "Prydun, Andriy"]
[Black "Erenberg, Ariel"]
[WhiteFideId "14145898"]
[BlackFideId "2811634"]
[WhiteElo "2163"]
[BlackElo "2416"]
[Result "0-1"]
[Round "01"]
[TimeControl "180+1"]
[Date "2022.10.26"]
[WhiteClock "0:00:59"]
[BlackClock "0:01:44"]

1. e4 e5 2. Nf3 Nc6 3. Nc3 Nf6 4. d4 exd4 5. Nxd4 Bb4 6. Nxc6 bxc6 7. Bd3 d5 8. Bd2 O-O 9. O-O Re8 10. exd5 cxd5 11. h3 Rb8 12. Rb1 c5 13. a3 Ba5 14. Bg5 Be6 15. b4 cxb4 16. axb4 Bxb4 17. Ne2 h6 18. Bh4 Bc5 19. Nf4 Rxb1 20. Qxb1 g5 21. Nxe6 Rxe6 22. Bg3 Ne4 23. Bxe4 dxe4 24. Rd1 Qb6 25. Qxb6 Bxb6 26. Bd6 Rf6 27. c4 Bxf2+ 28. Kh1 e3 0-1


[Site "https://www.chess.com"]